 Dungeon Crawl Stone Soup version 0.19-a0-1899-g2d93087 (webtiles) character file.

185 Naow the Chucker (level 5, 0/55 HPs)
             Began as an Ogre Hunter on Oct 20, 2016.
             Slain by a quokka (4 damage)
             ... on level 3 of the Dungeon.
             The game lasted 00:07:22 (4535 turns).

Naow the Chucker (Ogre Hunter)                      Turns: 4535, Time: 00:07:23

Health: 0/55       AC:  3    Str: 18    XL:     5   Next: 64%
Magic:  5/5        EV: 10    Int: 10    God:
Gold:   184        SH:  0    Dex: 10    Spells: 0 memorised, 4 levels left

rFire  . . .     SeeInvis .     e - +0 whip
rCold  . . .     Gourm    .     r - +0 animal skin
rNeg   . . .     Faith    .     (no shield)
rPois  .         Spirit   .     (helmet restricted)
rElec  .         Reflect  .     (no cloak)
rCorr  .         Harm     .     (gloves unavailable)
MR     .....                    (boots unavailable)
Stlth  ..........               (no amulet)
                                (no ring)
                                m - ring of loudness (curse)

@: slowed, very slow
A: unfitting armour, tough skin 1
a: no special abilities


You were on level 3 of the Dungeon.
You were not hungry.

You visited 1 branch of the dungeon, and saw 3 of its levels.

You collected 184 gold pieces.

Inventory:

Hand Weapons
 a - a +0 short sword
 e - a +0 whip (weapon)
 q - a +3 mace
Missiles
 c - 5 large rocks (quivered)
 d - 2 throwing nets
Armour
 b - a +0 robe
 r - a +0 animal skin (worn)
Jewellery
 m - a cursed ring of loudness (left hand)
Scrolls
 k - a scroll of fear
 n - a scroll of teleportation
Potions
 h - a potion of flight
 i - a potion of agility
 l - a potion of mutation
 p - a potion of invisibility
 t - a potion of lignification
 u - a potion of curing
Comestibles
 f - 4 bread rations
 g - 2 meat rations
 o - a slice of pizza


   Skills:
 + Level 4.5 Fighting
 * Level 3.9 Maces & Flails
 + Level 4.6 Throwing
 + Level 2.6 Dodging
 - Level 0.6 Stealth


You had 4 spell levels left.
You didn't know any spells.

Dungeon Overview and Level Annotations

Branches:
Dungeon (3/15)

Altars:
Vehumet

Annotations:
D:3 Steforg's ghost, amateur MfSu


Innate Abilities, Weirdness & Mutations

You are too large for most types of armour.
You have tough skin. (AC +1)


Message History

* * * LOW HITPOINT WARNING * * *
You hit Natasha.
You kill Natasha!
Natasha screams in fury as she dies!
The quokka closely misses you. The quokka bites you.
* * * LOW HITPOINT WARNING * * *
You miss the quokka. The quokka bites you.
* * * LOW HITPOINT WARNING * * *
The quokka barely misses you.
You hit the quokka.
The quokka is moderately wounded.
The quokka barely misses you.
You closely miss the quokka.
The quokka is moderately wounded.
The quokka misses you. The quokka bites you.
* * * LOW HITPOINT WARNING * * *
You hit the quokka but do no damage.
The quokka is moderately wounded.
The quokka bites you.
You die...

####.###...#####...........#
#.#
...........................#
#.#
####W###...#####........[..#
#.#
...#.......................#
#.#
..######..W...##...........#
#.# ..#
####...##...........###.##
.(# #...###.####...........
..#
####...###r####.###.###.##
..#
#........@...##.###.......
..#
#.......†..#.##.##........
.##
#..........#.##.##........
## #..........#
##.##........ #..........#
#.##........ #..........#
#.#.......#. #..........#
#.#.###.#.#. #..........#
#.#.......#) #[.........#
#.######..#.


You could see a quokka.

Vanquished Creatures
  Natasha (twice) (D:3)
  Robin (D:2)
  4 adders
  An ooze (D:1)
  2 worms
  2 dart slugs
  2 leopard geckos
  An orc (D:3)
  A giant cockroach (D:1)
  15 hobgoblins
  3 jackals (D:3)
  7 bats
  6 frilled lizards
  12 goblins
  7 kobolds
  8 rats
74 creatures vanquished.

Notes
Turn   | Place    | Note
-------+----------+-------------------------------------------
     0 | D:1      | Naow the Ogre Hunter began the quest for the Orb.
     0 | D:1      | Reached XP level 1. HP: 22/22 MP: 1/1
   362 | D:1      | Reached skill level 1 in Maces & Flails
   362 | D:1      | Reached XP level 2. HP: 14/31 MP: 2/2
  1041 | D:2      | Noticed Robin
  1513 | D:2      | Reached XP level 3. HP: 30/37 MP: 3/3
  1998 | D:2      | Reached XP level 4. HP: 23/48 MP: 4/4
  2414 | D:2      | Killed Robin
  3173 | D:3      | Found a radiant altar of Vehumet.
  3327 | D:3      | Reached XP level 5. HP: 18/54 MP: 5/5
  3835 | D:3      | Noticed Steforg's ghost (amateur MfSu)
  4280 | D:3      | Noticed Natasha
  4303 | D:3      | Killed Natasha
  4518 | D:3      | Noticed Natasha
  4531 | D:3      | Killed Natasha
  4535 | D:3      | Slain by a quokka

Vault maps used:
D:1:      onia_arrival_mini_spirals, supply_closet_lemuel,
          minmay_misc_feat_nine_boxes
D:2:      uniq_robin
D:3:      lemuel_crystal_altar, uniq_natasha

Skill      XL: |  1  2  3  4 |
---------------+-------------+-----
Fighting       | 3 4 |  4.5
Maces & Flails | 1 2 3 |  3.9
Dodging        | 2 |  2.6
Throwing       | |  4.6
Stealth        | |  0.6

Action                   |  1- 3 |  4- 6 || total
-------------------------+-------+-------++-------
Melee: Whip              |   135 |   260 ||   395
       Short sword       |     7 |       ||     7
  Use: Scroll            |       |     6 ||     6
       Potion            |       |     1 ||     1
 Stab: Sleeping          |     1 |       ||     1
       Distracted        |     2 |       ||     2
  Eat: Chunk             |     3 |     9 ||    12
Armor: Robe              |    40 |     7 ||    47
       Animal skin       |       |    95 ||    95
Dodge: Dodged            |    69 |   172 ||   241
